[Event "Early-Titled-Tuesday-Blitz-January-23-2024"]
[Site "Chess.com"]
[Date "2024.01.23"]
[Round "4"]
[White "Juicy_Fork"]
[Black "M1711"]
[Result "1-0"]
[WhiteElo "2443"]
[BlackElo "2642"]
[TimeControl "180+1"]
[EndTime "8:39:03 PST"]
[Termination "Juicy_Fork won on time"]

1. e4 e5 2. Nf3 Nf6 3. Nxe5 Nxe4 4. Qe2 Qe7 5. Qxe4 d6 6. d4 dxe5 7. dxe5 Nc6 8. Nc3 Qxe5 9. Qxe5+ Nxe5 10. Bf4 Bd6 11. Bg3 f6 12. Nb5 h5 13. h4 Bf5 14.
O-O-O Ke7 15. Nd4 Bd7 16. Bb5 Rhe8 17. Bxd7 Kxd7 18. Nf5 g6 19. Nxd6 cxd6 20. Rd5 Nf7 21. Rhd1 Re6 22. c4 Rc8 23. b3 Ke7 24. Kb1 Rc5 25.
Bxd6+ Rxd6 26. Re1+ Kd7 27. Rxc5 Ne5 28. Rd5 Rxd5 29.
cxd5 Kd6 30. Rd1 Ng4 31. Rd2 f5 32. Kb2 Nf6 33. b4 Ne4 34. Rc2 Kd7 35. f3 Nf6 36.
Kb3 Nxd5 37. Rd2 Ke6 38. Kc4 Ne3+ 39. Kc5 f4 40. Rd6+ Kf5 41. Rd7 Nxg2 42. Rxb7 Nxh4 43. Rxa7 Nxf3 44. Rf7+ Kg5 45. b5 Ne5 46. Re7 Kf6 47.
Rxe5 Kxe5 48. b6 1-0

[Event "Early-Titled-Tuesday-Blitz-January-23-2024"]
[Site "Chess.com"]
[Date "2024.01.23"]
[Round "4"]
[White "KnightmareJoker"]
[Black "Aash20"]
[Result "0-1"]
[WhiteElo "2134"]
[BlackElo "2484"]
[TimeControl "180+1"]
[EndTime "8:39:03 PST"]
[Termination "Aash20 won by checkmate"]

1. e4 c5 2. Nf3 d6 3. d4 cxd4 4.
Nxd4 Nf6 5. Nc3 g6 6. Be2 Bg7 7.
Nb3 O-O 8. O-O Nc6 9. Re1 Be6 10. Bf1 Rc8 11. Nd5 a6 12. a4 Ne5 13. Bg5 Bxd5 14.
exd5 Nc4 15. Bxc4 Rxc4 16. Qe2 Re4 17. Qd3 Rxe1+ 18. Rxe1 Qd7 19. a5 Qg4 20. Bd2 Re8 21. Bc3 Nd7 22. Bxg7 Kxg7 23. Re4 Qf5 24. g4 Qg5 25. Qd2 Qxd2 26. Nxd2 Kf8 27. Rb4 Rb8 28. Ne4 b5 29. c4 bxc4 30. Rxb8+ Nxb8 31. Nd2 Nd7 32. Nxc4 Nf6 33. Nb6 Nxg4 34. Nd7+ Ke8 35. Nb8 Nf6 36.
Nxa6 Nxd5 37. b4 Kd7 38. Kf1 Kc6 39. Ke2 Kb5 40. Nb8 Nxb4 41. Nd7 Kxa5 42. Nf8 h5 43. Nh7 Kb6 44. Ng5 f6 45. Ne6 g5 46.
Ng7 h4 47. Nf5 Nc6 48. Kd3 Kc7 49. Ke4 Kd7 50. Ne3 e6 51. Kf3 f5 52. Nc4 Ne5+ 53.
Nxe5+ dxe5 54. Ke3 Kd6 55. Kf3 Kd5 56. Ke3 g4 57. Ke2 Ke4 58. Kf1 Kf3 59. Kg1 f4 60. Kf1 e4 61. Kg1 e3 62. Kf1 g3 63. h3 g2+ 64.
Kg1 exf2+ 65. Kh2 g1=Q# 0-1

[Event "Early-Titled-Tuesday-Blitz-January-23-2024"]
[Site "Chess.com"]
[Date "2024.01.23"]
[Round "4"]
[White "rezamahdavi2008"]
[Black "Sebastian"]
[Result "1-0"]
[WhiteElo "2852"]
[BlackElo "2993"]
[TimeControl "180+1"]
[EndTime "8:39:04 PST"]
[Termination "rezamahdavi2008 won on time"]

1. e4 c5 2. Nf3 d6 3. d4 cxd4 4. Nxd4 Nf6 5. Bd3 Nc6 6. Be3 g6 7. h3 Bg7 8. c4 Nh5 9. Be2 Nf4 10. Bxf4 Bxd4 11. Nc3 e5 12. Bg3 h5 13. O-O Be6 14.
Nd5 Bxd5 15. cxd5 Ne7 16. Bh4 a6 17. Bf6 Rg8 18. Qd2 Rf8 19. Rac1 Qd7 20. Rc2 Ng8 21. Bg7 Ke7 22. Qg5+ Ke8 23. Rfc1 Bb6 24. Rc3 Bd8 25. Qe3 Nf6 26. Bxf6 Bxf6 27. Rc7 Qd8 28. Rxb7 Rh8 29. Rcc7 Rh7 30. Qf3 Rc8 31. Rd7 Rc1+ 32. Kh2 Qxd7 33. Rxd7 Bg5 34. Rxd6 h4 35. Rc6 Rb1 36. Rc2 Bf4+ 37.
g3 hxg3+ 38. fxg3 Bg5 39. Bxa6 Kf8 40. d6 Kg7 41. d7 Rh8 42. h4 Be7 43. Bc4 f6 44.
Bb3 Re1 45. Qd3 Bd8 46. Qd5 f5 47. Qxe5+ Bf6 48. Qd5 f4 49. Qf7+ Kh6 50. Qxf6 fxg3+ 51. Kxg3 1-0

[Event "Early-Titled-Tuesday-Blitz-January-23-2024"]
[Site "Chess.com"]
[Date "2024.01.23"]
[Round "4"]
[White "Sanan_Sjugirov"]
[Black "GMSrinath"]
[Result "1-0"]
[WhiteElo "3006"]
[BlackElo "2831"]
[TimeControl "180+1"]
[EndTime "8:39:04 PST"]
[Termination "Sanan_Sjugirov won by resignation"]

1. Nf3 d5 2. g3 g6 3. Bg2 Bg7 4. O-O e5 5. d3 Ne7 6. c4 O-O 7. cxd5 Nxd5 8. Bg5 Qd6 9. Nc3 Nxc3 10.
bxc3 c6 11. Rb1 Na6 12. Nd2 Nc5 13. Qc1 Bg4 14. Re1 Qd7 15. Be3 Na4 16. Ne4 b6 17.
Bh6 Rad8 18. Bxg7 Kxg7 19. Qa3 b5 20. c4 a6 21. Qb4 f6 22. Nc5 Nxc5 23. Qxc5 Rc8 24. a4 Be6 25. Red1 Rfd8 26. Rdc1 Qd4 27.
Qe7+ Bf7 28. axb5 cxb5 29. cxb5 axb5 30. h4 Rxc1+ 31. Rxc1 Qd6 32. Qa7 Rd7 33. Qa5 b4 34. Rc6 Qe7 35. Rb6 b3 36. h5 gxh5 37. Qb5 Ra7 38. Bf3 h4 39. gxh4 Qc7 40. Kg2 Qc1 41. Qc6 Ra1 42. Qxf6+ 1-0

[Event "Early-Titled-Tuesday-Blitz-January-23-2024"]
[Site "Chess.com"]
[Date "2024.01.23"]
[Round "4"]
[White "Lion-Al-Messi"]
[Black "medalja"]
[Result "1-0"]
[WhiteElo "2593"]
[BlackElo "2383"]
[TimeControl "180+1"]
[EndTime "8:39:05 PST"]
[Termination "Lion-Al-Messi won on time"]

1. e4 e6 2. d4 d5 3. Nd2 Nf6 4. e5 Nfd7 5. Bd3 c5 6. c3 Nc6 7. Ne2 f6 8. exf6 Nxf6 9. Nf3 Bd6 10. O-O O-O 11. Bg5 h6 12. Bh4 Qb6 13. Qd2 e5 14. dxe5 Nxe5 15. Nxe5 Bxe5 16. Ng3 Qc6 17. Rae1 Bc7 18.
Bb1 Bd7 19. Qc2 Bxg3 20. hxg3 Rae8 21. Bxf6 Qxf6 22. Qh7+ Kf7 23. Re3 Rh8 24. Qd3 Kg8 25. Qxd5+ Be6 26. Qxc5 Bf7 27. Rxe8+ Bxe8 28. Re1 Bc6 29.
Qc4+ Kf8 30. Qb4+ Kf7 31. Qb3+ Kf8 32. Qa3+ Kf7 33. Qxa7 Re8 34. Rxe8 Kxe8 35. Qb8+ Kd7 36. Qf4 Qe7 37. Bf5+ Ke8 38. Qe3 Qxe3 39. fxe3 Ke7 40. b3 Kf6 41. Bc2 Ke5 42. Kf2 b6 43. a4 g5 44. b4 Kd5 45. Bb3+ Ke4 46. Bc4 Bxa4 47. Be2 Bb3 48. c4 Ba2 49. Bf3+ Kd3 50. c5 bxc5 51.
bxc5 Be6 52. c6 Kc4 53. c7 Bc8 54. Ke2 Kc5 55. Kd3 Kd6 56. Kd4 Kxc7 57. Ke5 Kd8 58. Kf6 Kc7 59. g4 Kd6 60. Kg6 Ke5 61. Kxh6 Kf6 62. Kh5 Be6 63. Be4 Bf7+ 64. Kh6 Be6 65.
Bf5 Bf7 66. g3 Bc4 67. Kh7 Bb3 68. Kh8 Bc4 69. Kh7 Bb3 70. Kh6 Bc4 71. e4 Bb3 72.
e5+ Kxe5 73. Kxg5 Bc4 74. Bb1 Ke6 75. Kh6 Kf7 76. g5 Kg8 77. Bh7+ Kf8 78. g6 Bd5 79. g7+ Ke7 80. g8=Q Bxg8 81. Bxg8 Kf6 82. Bh7 Kf7 83. g4 Kf6 84. g5+ Ke5 85. g6 Kf6 86. g7 Ke5 87. g8=Q 1-0

[Event "Early-Titled-Tuesday-Blitz-January-23-2024"]
[Site "Chess.com"]
[Date "2024.01.23"]
[Round "4"]
[White "YurasovMat-2012"]
[Black "Yushko_Olga"]
[Result "0-1"]
[WhiteElo "2604"]
[BlackElo "2183"]
[TimeControl "180+1"]
[EndTime "8:39:07 PST"]
[Termination "Yushko_Olga won on time"]

1. e4 e6 2. Nf3 d5 3. Nc3 d4 4.
Ne2 c5 5. c3 Nf6 6. e5 Nfd7 7.
cxd4 cxd4 8. Nf4 Nc6 9. Bb5 g5 10. Ne2 d3 11. Ned4 g4 12. Nxc6 bxc6 13. Bxc6 Rb8 14.
Nd4 Rb4 15. Nb3 Qc7 16. Bxd7+ Bxd7 17. O-O Qxe5 18. Re1 Qg5 19. Re3 Qd5 20. Qf1 Bc6 21.
Rxd3 Qh5 22. a3 Rb6 23. Nd4 Bd6 24. g3 Be4 25. Rc3 O-O 26. d3 Bb7 27. Qe2 e5 28.
Nc2 f5 29. Be3 Rxb2 30. Bc5 Qh3 31. Qf1 Qxf1+ 32. Rxf1 Rc8 33. Bxd6 Rxc3 34. Ne3 Rxd3 35. Bxe5 Rb5 36. Bf4 Rxa3 37. Rc1 Rb2 38. Be5 Rd2 39. Bf4 Raa2 40. Rf1 Ba6 41. Rc1 Rxf2 0-1

[Event "Early-Titled-Tuesday-Blitz-January-23-2024"]
[Site "Chess.com"]
[Date "2024.01.23"]
[Round "4"]
[White "BilodeauA"]
[Black "Hikaru"]
[Result "0-1"]
[WhiteElo "2927"]
[BlackElo "3308"]
[TimeControl "180+1"]
[EndTime "8:39:08 PST"]
[Termination "Hikaru won by resignation"]

1. e4 c5 2. Nf3 e6 3. Nc3 a6 4. d4 cxd4 5. Nxd4 Qc7 6. Be2 Nf6 7. O-O Bb4 8. Bg5 Bxc3 9. Bxf6 gxf6 10. bxc3 Qxc3 11.
Rb1 Nc6 12. Nxc6 bxc6 13. Rb3 Qc5 14. Kh1 a5 15. f4 Ke7 16. e5 fxe5 17. fxe5 Qxe5 18.
Qd2 Rg8 19. Rbf3 Rg7 20. Bd3 Ba6 21. Bxa6 Rxa6 22. Qf2 Kd8 23. Rxf7 Kc7 24. Rd1 Kc8 25. h3 d5 26. Rb1 d4 27. Rbb7 Rxf7 28. Rxf7 Rb6 29.
Rf8+ Kb7 30. Qf7+ Ka6 31. Qf1+ Ka7 32. a4 Rb7 33. Rd8 Qc5 34. Qe1 e5 35. Re8 Qb6 36. Rxe5 Qb1 37. Rxa5+ Kb8 38. Qxb1 Rxb1+ 39. Kh2 Kc7 40. Rc5 Kd6 41. Rh5 Rb2 42. Rxh7 Rxc2 43.
Kg3 c5 44. Kf3 d3 45. Ke3 c4 46. Rh6+ Kc5 47. a5 Re2+ 48. Kf3 Re8 49. Rh5+ Kd4 50.
Rh7 c3 51. Rd7+ Kc4 52. Rc7+ Kb3 53. a6 d2 54. Rd7 c2 0-1

[Event "Early-Titled-Tuesday-Blitz-January-23-2024"]
[Site "Chess.com"]
[Date "2024.01.23"]
[Round "4"]
[White "dropstoneDP"]
[Black "platy3"]
[Result "1/2-1/2"]
[WhiteElo "3056"]
[BlackElo "2868"]
[TimeControl "180+1"]
[EndTime "8:39:08 PST"]
[Termination "Game drawn by agreement"]

1. e4 e5 2. Nf3 Nc6 3. Bc4 Bc5 4.
d3 Nf6 5. Nc3 h6 6. Be3 Bb6 7.
Nd5 d6 8. a4 Be6 9. Nxb6 axb6 10. Bxe6 fxe6 11. O-O O-O 12. c3 Qe8 13. b4 g5 14. Qb3 Qf7 15. c4 Ne7 16. c5 Ng6 17. cxd6 cxd6 18. Bxb6 Nh5 19. Be3 Nhf4 20. Qd1 g4 21.
Nd2 h5 22. f3 Nh4 23. Bxf4 Qxf4 24. Qe1 Qg5 25. Nc4 gxf3 26. Qg3 Qxg3 27. hxg3 Nxg2 28. Kf2 Rad8 29. Rad1 Kg7 30. Ne3 Nxe3 31. Kxe3 Rc8 32. Rxf3 Rxf3+ 33. Kxf3 Rc2 34. Rb1 Kg6 35. a5 Ra2 36. Rc1 Rb2 37. a6 Rxb4 38. Ra1 bxa6 39. Rxa6 Rd4 40. Ke3 Kg5 41. Ra8 Rb4 42. Rg8+ Kf6 43.
Rh8 Kg6 44. Rg8+ Kh7 45. Re8 Rd4 46. Rxe6 Kg7 47. Re8 Kf7 48. Rh8 Kg6 49. Rg8+ Kh7 1/2-1/2

[Event "Early-Titled-Tuesday-Blitz-January-23-2024"]
[Site "Chess.com"]
[Date "2024.01.23"]
[Round "4"]
[White "alexrustemov"]
[Black "mac0504"]
[Result "1-0"]
[WhiteElo "2881"]
[BlackElo "2572"]
[TimeControl "180+1"]
[EndTime "8:39:09 PST"]
[Termination "alexrustemov won by resignation"]

1. d4 Nf6 2. c4 b6 3. Nf3 Bb7 4. g3 c5 5. d5 b5 6. Bg2 bxc4 7. Nc3 g6 8. O-O d6 9. e4 Nbd7 10. Re1 Bg7 11. e5 dxe5 12. Nxe5 Nxe5 13. Rxe5 O-O 14. Qe2 Re8 15. Qxc4 Nd7 16. Re2 Nb6 17. Qxc5 Rc8 18.
Qb5 Bxc3 19. bxc3 Bxd5 20. Rd2 Bc4 21. Rxd8 Bxb5 22. Rxe8+ Bxe8 23. Be3 Bc6 24. Bf1 Bd5 25. a4 Rxc3 26. a5 Nc8 27. Ba6 Bf3 28. Bxc8 Rxc8 29.
Bxa7 f6 30. Be3 Kf7 31. a6 Rd8 32. a7 e5 33. h3 h5 34. Kf1 g5 35. Ke1 g4 36. h4 Ke6 37. Bb6 Rc8 38. Kd2 Kf5 39. Be3 Be4 40. Ra2 Rd8+ 41. Kc3 Rc8+ 42. Kb4 Ke6 43. Kb5 Bd5 44. Ra6+ Kd7 45. Rxf6 Bf3 46.
Rf5 Ke6 47. Rxh5 Rc2 48. Rh8 Rb2+ 49. Kc4 Rc2+ 50. Kb3 Ra2 1-0

[Event "Early-Titled-Tuesday-Blitz-January-23-2024"]
[Site "Chess.com"]
[Date "2024.01.23"]
[Round "4"]
[White "Skatchkov_V"]
[Black "Boxerandchessplayer"]
[Result "1-0"]
[WhiteElo "2628"]
[BlackElo "2256"]
[TimeControl "180+1"]
[EndTime "8:39:09 PST"]
[Termination "Skatchkov_V won on time"]

1. d4 Nf6 2. c3 d5 3. Nf3 e6 4. Bf4 Bd6 5. Bg3 O-O 6. e3 c5 7.
Nbd2 Qc7 8. Bd3 Nbd7 9. Qe2 e5 10. dxe5 Nxe5 11. Nxe5 Bxe5 12. Rd1 b6 13. Nf3 Bxg3 14.
hxg3 Bg4 15. Rh4 h5 16. Qc2 Rfe8 17. Kf1 Rad8 18. Bf5 g6 19. Bxg4 Nxg4 20. Kg1 Qe7 21.
Nh2 Ne5 22. Rf4 Rd7 23. Nf3 Red8 24. Nxe5 Qxe5 25. Qb3 g5 26. Rf3 Kg7 27. Qc2 Qe4 28.
Qe2 d4 29. Qc4 Qe6 30. Qxe6 fxe6 31. exd4 cxd4 32. Rfd3 e5 33. cxd4 exd4 34. f3 Kf6 35. Kf2 Ke5 36. Re1+ Kf5 37. Re4 Rc8 38. Rd2 d3 39.
Ke3 Rc2 40. Rxc2 dxc2 41. Rc4 Re7+ 42. Kf2 Rd7 43. Rxc2 g4 44. Re2 gxf3 45. gxf3 Rd3 46. Re3 Rd2+ 47. Re2 Rd3 48. Rc2 Rd7 49. a3 h4 50.
gxh4 Rh7 51. Rc4 1-0

[Event "Early-Titled-Tuesday-Blitz-January-23-2024"]
[Site "Chess.com"]
[Date "2024.01.23"]
[Round "4"]
[White "itsdsyr"]
[Black "vesalhamedinia"]
[Result "0-1"]
[WhiteElo "2245"]
[BlackElo "2508"]
[TimeControl "180+1"]
[EndTime "8:39:09 PST"]
[Termination "vesalhamedinia won by resignation"]

1. d4 d5 2. c4 e6 3. Nf3 Nf6 4. Nc3 Be7 5. Bf4 O-O 6. e3 a5 7. Bd3 c6 8. cxd5 exd5 9. O-O Bg4 10. h3 Bh5 11. Be2 Na6 12. a3 Nc7 13. Ne5 Bxe2 14. Qxe2 Ne6 15. Bg3 Re8 16. f4 Bd6 17. Rae1 Nf8 18. Qd3 Qb6 19. Re2 a4 20. Kh2 Qb3 21.
Qf5 Ng6 22. Qc2 Nh5 23. Be1 Qxc2 24. Rxc2 Nf6 25. g4 Ra6 26. Bg3 Ne4 27. Nxe4 dxe4 28. Nc4 Bb8 29. f5 Bxg3+ 30. Kxg3 Ne7 31. Nd6 Rb8 32. Nxe4 Nd5 33. Nc5 Raa8 34. Kf3 Re8 35. e4 Nf6 36. Re1 b6 37. Nd3 Rad8 38. e5 Rxd4 39.
exf6 Rxd3+ 40. Kf2 Rxe1 41. Kxe1 c5 42. fxg7 Kxg7 43.
Rc3 Rxc3 44. bxc3 b5 45. Kd2 Kf6 46. Kd3 Ke5 47. h4 Kf4 48. f6 Kxg4 49. Ke4 Kxh4 50. Kd5 b4 51. cxb4 cxb4 52. axb4 a3 53. b5 a2 54. b6 a1=Q 55. b7 Qh1+ 0-1

[Event "Early-Titled-Tuesday-Blitz-January-23-2024"]
[Site "Chess.com"]
[Date "2024.01.23"]
[Round "4"]
[White "Byniolus"]
[Black "amintabatabaei"]
[Result "1-0"]
[WhiteElo "2863"]
[BlackElo "3018"]
[TimeControl "180+1"]
[EndTime "8:39:11 PST"]
[Termination "Byniolus won by resignation"]

1. d4 Nf6 2. Nf3 g6 3. Bf4 Bg7 4. e3 d6 5. h3 O-O 6. Be2 c5 7. c3 Qb6 8. Qb3 Be6 9. Qxb6 axb6 10. a3 Bd5 11. Nbd2 Nbd7 12. O-O Bc6 13. Rfd1 b5 14. Bg3 Rfc8 15. Bd3 Rd8 16. e4 e6 17. Bxd6 c4 18.
Bc2 Bf8 19. Bxf8 Kxf8 20. e5 Nd5 21. Ng5 Kg7 22. Nge4 N7b6 23. Nd6 Nc8 24. Nxc8 Raxc8 25. g3 g5 26. Ne4 h6 27. Re1 Ra8 28. Kh2 Ne7 29. Nd6 h5 30. Be4 Ra7 31. f4 gxf4 32. gxf4 Rg8 33. Rg1+ Kf8 34. Rxg8+ Kxg8 35. Rg1+ Kf8 36.
Rg5 b4 37. cxb4 c3 38. bxc3 Rxa3 39. b5 Bxe4 40. Nxe4 Nd5 41. Rxh5 Kg7 42. Rg5+ Kf8 43. c4 Nxf4 44. Nf6 Rxh3+ 45. Kg1 Ng6 46. c5 Rd3 47. Rg4 Ke7 48. b6 Rd2 49. Kf1 Ra2 50. Ke1 Rb2 51.
Kd1 Rh2 52. Kc1 Kd8 53. Ne4 Kd7 54. Nd6 Kc6 55. Nxf7 Ne7 56. Nd8+ Kd5 57. Nxb7 Nc6 58. Rg8 Nxd4 59. Rd8+ Kc4 60. Na5+ Kc3 61. Rxd4 Kxd4 62. b7 Kc3 63. Kd1 Kd3 64. Ke1 Rh8 65. c6 Ke3 66. Nc4+ Kd3 67. c7 1-0

[Event "Early-Titled-Tuesday-Blitz-January-23-2024"]
[Site "Chess.com"]
[Date "2024.01.23"]
[Round "4"]
[White "Predator0608"]
[Black "DDTerziev04"]
[Result "1-0"]
[WhiteElo "2502"]
[BlackElo "2198"]
[TimeControl "180+1"]
[EndTime "8:39:11 PST"]
[Termination "Predator0608 won on time"]

1. f4 d5 2. Nf3 Nf6 3. g3 c6 4. Bg2 Bd7 5. O-O e6 6. d3 Bd6 7.
Qe1 Qb6+ 8. Kh1 O-O 9. e4 Bc5 10. c3 dxe4 11. dxe4 Ng4 12. h3 Nf2+ 13. Kh2 Nd3 14.
Qe2 Nxc1 15. Rxc1 Na6 16. Rd1 Rad8 17. b4 Be7 18. Na3 c5 19. Nc4 Qc7 20. bxc5 Nxc5 21. Nce5 Bc8 22. Rd4 b6 23. Rad1 Ba6 24. Qe1 Bf6 25. h4 Bb7 26. h5 Nxe4 27. Rd7 Rxd7 28. Rxd7 Qb8 29. Rxb7 Qxb7 30. Nd4 Qc7 31. Qxe4 Qxc3 32.
Ndc6 Rc8 33. g4 h6 34. Nd7 Bh4 35. g5 Bg3+ 36. Kg1 Rxc6 37. gxh6 Rd6 38. hxg7 Rd1+ 39.
Bf1 Rxf1+ 40. Kxf1 Qa1+ 41. Kg2 Qxg7 42. h6 Qxh6 43.
Kxg3 Qg7+ 44. Kf3 Qc3+ 45. Ke2 Qb2+ 46. Kf3 Qa3+ 47. Qe3 Qxa2 48. Nf6+ Kg7 49. Ng4 f5 50. Qe5+ 1-0

[Event "Early-Titled-Tuesday-Blitz-January-23-2024"]
[Site "Chess.com"]
[Date "2024.01.23"]
[Round "4"]
[White "Slovineanu"]
[Black "KIEV-1"]
[Result "1-0"]
[WhiteElo "2395"]
[BlackElo "2238"]
[TimeControl "180+1"]
[EndTime "8:39:12 PST"]
[Termination "Slovineanu won by resignation"]

1. d4 d5 2. Nf3 Nf6 3. c4 c6 4. e3 e6 5. Nbd2 Bd6 6. Bd3 O-O 7. O-O Nbd7 8. e4 dxe4 9. Nxe4 Nxe4 10. Bxe4 h6 11.
Bc2 Nf6 12. b3 Qc7 13. Bb2 Rd8 14. Qe2 b6 15. Rad1 Bb7 16. Rd2 Re8 17. Rfd1 Bf4 18. Rd3 c5 19. dxc5 bxc5 20. Bxf6 gxf6 21. g3 Be5 22. Rd7 Qc6 23. Rxb7 Qxb7 24. Be4 Qc7 25. Bxa8 Rxa8 26. Qd2 Qc6 27. Kg2 Bd4 28. Qxh6 e5 29. Qh5 Rd8 30. Re1 e4 31. Qg4+ Kf8 32.
Qxe4 Qd6 33. Qh7 Be5 34. Qh6+ Kg8 35. Nxe5 fxe5 36. Qxd6 Rxd6 37. Rxe5 Rd2 38. Rxc5 Rxa2 39. Rc7 Rb2 40. Rxa7 Rxb3 41. Rc7 Rc3 42. c5 Rc2 43. c6 Kg7 44. h4 Rc5 45. g4 Kf6 46. Rc8 Kg7 47.
Kg3 Kh7 48. f3 Kg7 49. h5 Kh7 50. f4 Kg7 51. g5 Kh7 52. Kg4 Kg7 53. h6+ Kh7 54. Rf8 Rxc6 55. Rxf7+ Kh8 56. Ra7 Rc8 57. g6 Rd8 58. Kg5 Rc8 59. Rf7 Rd8 60. g7+ Kg8 61. Rf8+ Rxf8 62. gxf8=Q+ Kxf8 63. Kg6 Kg8 64. f5 Kh8 65. Kf7 Kh7 66. Ke7 Kh8 67. f6 Kh7 68. f7 1-0

[Event "Early-Titled-Tuesday-Blitz-January-23-2024"]
[Site "Chess.com"]
[Date "2024.01.23"]
[Round "4"]
[White "Shahdad2007"]
[Black "Roman_Ovetchkin"]
[Result "1-0"]
[WhiteElo "2462"]
[BlackElo "2648"]
[TimeControl "180+1"]
[EndTime "8:39:13 PST"]
[Termination "Shahdad2007 won on time"]

1. Nf3 Nf6 2. g3 c5 3. Bg2 g6 4.
O-O Bg7 5. c4 O-O 6. d4 cxd4 7.
Nxd4 Nc6 8. Nc3 Qa5 9. Nb3 Qh5 10. e4 Qxd1 11. Rxd1 d6 12. c5 Ne8 13. Be3 Bg4 14. Rd2 a5 15. a4 Be6 16. Nd5 Rd8 17. Rc1 Nf6 18. cxd6 Rxd6 19. Nxe7+ Nxe7 20. Rxd6 Bxb3 21. Rc7 Nc8 22. Rd2 b6 23. Bh3 Nxe4 24. Rd3 Bxa4 25. Rxc8 Rxc8 26. Bxc8 Bxb2 27. Bxb6 Nf6 28. Bxa5 Kg7 29.
Bb7 Be5 30. Bf3 Bd7 31. Bb4 h5 32. Be7 Be6 33. Rd8 Bc3 34. h4 Ng4 35. Bc5 Nf6 36.
Rd3 Be5 37. Bc6 Ng4 38. f3 Nf6 39. Kg2 Bb2 40. Bd4 Bxd4 41. Rxd4 Kf8 42. Bb5 Ke7 43.
Be2 Kf8 44. g4 Ke7 45. Kg3 Kf8 46. Rb4 Kg7 47. Rf4 Nd5 48. Rd4 Nf6 49. g5 Ng8 50. Bd3 Ne7 51. f4 1-0

[Event "Early-Titled-Tuesday-Blitz-January-23-2024"]
[Site "Chess.com"]
[Date "2024.01.23"]
[Round "4"]
[White "ozates"]
[Black "Me_ch_an"]
[Result "1-0"]
[WhiteElo "2605"]
[BlackElo "2297"]
[TimeControl "180+1"]
[EndTime "8:39:14 PST"]
[Termination "ozates won on time"]

1. e4 c5 2. Nf3 Nc6 3. Bb5 Qb6 4. Nc3 e6 5. Bxc6 Qxc6 6. d4 cxd4 7. Nxd4 Qc7 8.
Ndb5 Qb8 9. O-O a6 10. Nd4 b5 11. f4 d6 12. a3 Bb7 13. f5 e5 14. Nb3 Nf6 15.
Qf3 Be7 16. Bg5 O-O 17. Bxf6 Bxf6 18. Rad1 Qc7 19. Rf2 Rac8 20. Nd5 Bxd5 21. Rxd5 Be7 22. Nc1 Qb6 23. Nd3 Rc4 24. c3 Rfc8 25. g3 a5 26.
Kg2 h6 27. h4 R4c6 28. Re2 Rc4 29. Qh5 Qc6 30. Qf3 Qb6 31. Qf2 Qb7 32. Kf3 Qc6 33. Qa7 Rxe4 34. Kxe4 Qc4+ 35. Rd4 exd4 36. Qxd4 Bf6 37.
Qxc4 bxc4 38. Nf4 Re8+ 39. Kf3 Be5 40. Nd5 Rb8 41. g4 Rb5 42. Ne7+ Kf8 43. Nc6 f6 44. g5 Rc5 45. Nd8 hxg5 46. Ne6+ Ke7 47. Nxc5 dxc5 48.
hxg5 Kd6 49. g6 Kc6 50. Ke4 Kb5 51. Kd5 Ka4 52. Kxc4 1-0

[Event "Early-Titled-Tuesday-Blitz-January-23-2024"]
[Site "Chess.com"]
[Date "2024.01.23"]
[Round "4"]
[White "Goffredo_Fofi"]
[Black "Arystanner"]
[Result "0-1"]
[WhiteElo "2548"]
[BlackElo "2784"]
[TimeControl "180+1"]
[EndTime "8:39:16 PST"]
[Termination "Arystanner won by resignation"]

1. d4 d5 2. Bf4 Nf6 3. e3 e6 4. Nd2 c5 5. c3 Nc6 6. Ngf3 Be7 7. Bd3 Nh5 8. Be5 f6 9. Bg3 g6 10. Rc1 O-O 11. c4 cxd4 12. exd4 Bd7 13. O-O Nxg3 14. hxg3 Kg7 15. Re1 Re8 16. a3 Qb6 17. Nb3 Rac8 18. Qd2 Qxb3 19. c5 Qa4 20. b4 a6 21.
Bc2 Qxa3 22. Rb1 a5 23. Rb3 Qa2 24. Reb1 axb4 25. R3b2 Qa7 26. g4 h6 27. Nh4 f5 28. Nf3 Bf6 29. gxf5 exf5 30. Qf4 Qb8 31. Qd2 Qc7 32. Bd3 Nxd4 33. Nxd4 Bxd4 34. Rxb4 Qxc5 35. Rxb7 Re7 36. Bb5 Bxb5 37. Rxe7+ Qxe7 38. Qxd4+ Qf6 39. Qxf6+ Kxf6 40. Rxb5 Ke5 41. Rb6 d4 42. Kf1 Rc1+ 43. Ke2 Rc2+ 44. Ke1 g5 45. Rxh6 d3 46. Rh8 Re2+ 47.
Kf1 Ra2 48. Ke1 Ra1+ 49. Kd2 Rf1 50. Re8+ Kf4 51. Kxd3 Rxf2 52. Re2 Kg3 53. Re5 Kxg2 54.
Re7 g4 55. Rg7 g3 56. Ke3 f4+ 57. Ke4 Kf1 58. Rg4 g2 59. Rxg2 Kxg2 0-1

[Event "Early-Titled-Tuesday-Blitz-January-23-2024"]
[Site "Chess.com"]
[Date "2024.01.23"]
[Round "4"]
[White "vladgoncharov"]
[Black "Nekoo04"]
[Result "1-0"]
[WhiteElo "2641"]
[BlackElo "2364"]
[TimeControl "180+1"]
[EndTime "8:39:16 PST"]
[Termination "vladgoncharov won by resignation"]

1. d4 Nf6 2. c4 e6 3. Nc3 d5 4. cxd5 exd5 5. Bg5 c6 6. e3 h6 7. Bh4 Be7 8. Bd3 Nbd7 9. Nge2 Nh5 10. Bxe7 Qxe7 11.
O-O O-O 12. Bc2 Nb6 13. Qd3 f5 14. b3 Bd7 15. Nf4 Nxf4 16. exf4 Rae8 17. Qd2 Na8 18. Rfe1 Qb4 19. Re5 Nc7 20. a3 Qa5 21. b4 Qa6 22. Na4 Ne6 23. Nc5 Nxc5 24. bxc5 Rxe5 25. fxe5 b6 26. Bd3 Qa4 27. Qc3 Rb8 28. Qb4 Qxb4 29.
axb4 bxc5 30. bxc5 Rb7 31. Kf1 Kf7 32. g3 g6 33. h4 Ke7 34. Ke2 h5 35. Kd2 Rb2+ 36. Ke3 f4+ 37. gxf4 Rb7 38. Bxg6 Rb3+ 39. Kd2 Rb2+ 40.
Ke1 Rb4 41. Rxa7 Kd8 42. f5 Rxd4 43. e6 Re4+ 44. Kf1 Bxe6 45. fxe6 Rxe6 46. Bxh5 Rh6 47.
Bg4 Rxh4 48. f3 Rh1+ 49. Kf2 Rc1 50. Ra5 d4 51. Ke2 Rc3 52. Kd2 Ke7 53. f4 Kf6 54.
Bd7 Rf3 55. Bxc6 Rxf4 56. Kd3 Ke5 57. Bb7 Rf3+ 58. Bxf3 1-0

[Event "Early-Titled-Tuesday-Blitz-January-23-2024"]
[Site "Chess.com"]
[Date "2024.01.23"]
[Round "4"]
[White "jk13"]
[Black "Smiechu"]
[Result "0-1"]
[WhiteElo "2642"]
[BlackElo "2495"]
[TimeControl "180+1"]
[EndTime "8:39:16 PST"]
[Termination "Smiechu won by resignation"]

1. e4 c5 2. c3 g6 3. d4 cxd4 4. cxd4 d5 5. e5 Bg7 6. Nc3 Nh6 7. h4 e6 8. h5 Nf5 9. h6 Bf8 10. Nf3 Nc6 11. g4 Nfe7 12. Bg5 Qb6 13. Bf6 Rg8 14. Nb5 Bd7 15. Nd6+ Kd8 16. Nxf7+ Kc7 17. Qd2 Nf5 18.
a3 Nfxd4 19. Nxd4 Nxd4 20. Rc1+ Bc6 21. Rc3 Rc8 22. Nd6 Kb8 23. Nxc8 Kxc8 24. Rhh3 Kb8 25. Rhd3 Nb5 26. Rc1 Bc5 27. b4 Bf8 28. Kd1 a6 29. Qe3 d4 30. Qd2 Be4 31. Rc4 Bxd3 32. Bxd3 Nc3+ 33.
Ke1 a5 34. Qf4 axb4 35. Rxd4 Bc5 36. Rxb4 Bxb4 37. axb4 Nd5 38. Qe4 Qxb4+ 39. Qxb4 Nxb4 40. Bc4 Re8 41. Bb5 Nc6 42. Ke2 Kc7 43. Ke3 Kb6 44.
Bc4 Kc5 45. Bd3 b5 46. Bxg6 hxg6 47. h7 b4 48. h8=Q Rxh8 49. Bxh8 Kc4 50. f4 Ne7 51. Bf6 Nd5+ 52. Kd2 Nxf4 53. Kc2 Nd5 54. Bg7 b3+ 55.
Kb2 Nb4 56. Bh6 Nd3+ 57. Kb1 Nxe5 0-1

[Event "Early-Titled-Tuesday-Blitz-January-23-2024"]
[Site "Chess.com"]
[Date "2024.01.23"]
[Round "4"]
[White "santosalberto1987"]
[Black "CSB7"]
[Result "1/2-1/2"]
[WhiteElo "2540"]
[BlackElo "2740"]
[TimeControl "180+1"]
[EndTime "8:39:17 PST"]
[Termination "Game drawn - insufficient material"]

1. e4 c5 2. Nf3 d6 3. Bb5+ Bd7 4.
c4 g6 5. Nc3 Bg7 6. Bxd7+ Qxd7 7. d4 cxd4 8. Nxd4 Nf6 9. f3 O-O 10. Be3 Nc6 11. Rc1 Rfd8 12. O-O e6 13. Qd2 Rac8 14.
b3 d5 15. Nxc6 bxc6 16. e5 Ne8 17. f4 d4 18. Rfd1 Qe7 19. Bxd4 c5 20. Bxc5 Qxc5+ 21. Qf2 Qxf2+ 22. Kxf2 f6 23. exf6 Bxf6 24. Ne4 Be7 25.
Re1 Kf7 26. Rc2 Nd6 27. Rce2 Nxe4+ 28. Rxe4 Rd2+ 29. R1e2 Bc5+ 30. Kf3 Rxe2 31. Kxe2 Rd8 32. Re5 Bd4 33. Rb5 Kf6 34. Rb7 h5 35. g3 Bg1 36.
h3 Bh2 37. Kf3 Rd3+ 38. Kg2 Rd2+ 39. Kf3 Rxa2 40. g4 hxg4+ 41. hxg4 g5 42. fxg5+ Kxg5 43. Rg7+ Kf6 44. Rb7 Be5 45. Ke4 Re2+ 46. Kd3 Re1 47. Rxa7 Rb1 48. Rb7 Kg5 49. c5 Kxg4 50. b4 Kf5 51. b5 Rd1+ 52. Ke2 Rc1 53. c6 Bd6 54. Rd7 Ke5 55. Kd2 Rc5 56. Rb7 Kd5 57. Kd3 e5 58. Ke3 Rc3+ 59. Kd2 Rc5 60. Ke3 Kc4 61. Rd7 Rd5 62. b6 Bc5+ 63. Ke4 Rxd7 64. cxd7 Bxb6 65.
Kxe5 Bd8 66. Ke6 Kc5 67. Kf7 Kd6 68. Ke8 Kc7 69. Kf7 Kxd7 1/2-1/2